 Dungeon Sprint DCSS version 0.22.1-1-ga44c0e56f4 (webtiles) character file.

0 MuseOD the Sneak (level 3, 0/19 HPs)
             Began as a Spriggan Enchanter on Sept 23, 2018.
             Was an Initiate of Dithmenos.
             Succumbed to a worker ant's poison
             ... in the Dungeon (Sprint VI: "Thunderdome").
             The game lasted 00:00:29 (82 turns).

MuseOD the Sneak (Spriggan Enchanter)                 Turns: 82, Time: 00:00:30

Health: 0/19       AC:  2    Str:  4    XL:     3   Next: 48%
Magic:  8/8        EV: 18    Int: 17    God:    Dithmenos [......]
Gold:   200        SH:  0    Dex: 16    Spells: 6/7 levels left

rFire    . . .     SeeInvis +   a - +1 dagger
rCold    . . .     Gourm    .   (shield restricted)
rNeg     . . .     Faith    .   b - +0 robe
rPois    .         Spirit   .   (helmet restricted)
rElec    .         Reflect  .   (no cloak)
rCorr    .         Harm     .   (gloves unavailable)
MR       .....     NoTele   +   (boots unavailable)
Stlth    ++++......             (no amulet)
HPRegen  0.06/turn              (no ring)
MPRegen  0.11/turn              (no ring)

@: lethally poisoned (0 -> -7), berserk cooldown, slowed, quick
A: very small, unfitting armour, see invisible, herbivore, speed 3, slow
metabolism 2
a: Renounce Religion


You were in the Dungeon.
You worshipped Dithmenos.
Dithmenos was noncommittal.
You were not hungry.

You visited 1 branch You collected 200 gold pieces.

Inventory:

Hand Weapons
 a - a +1 dagger (weapon)
Armour
 b - a +0 robe (worn)
Wands
 k - a wand of acid (5)
 l - a wand of iceblast (5)
Scrolls
 j - 4 scrolls of blinking
 m - 3 scrolls of fog
Potions
 c - a potion of resistance
 e - a potion of curing
 f - 4 potions of heal wounds
 g - 4 potions of haste
 h - 2 potions of magic
Comestibles
 d - a ration


   Skills:
 + Level 2.6 Fighting
 * Level 5.4 Short Blades
 - Level 3.0 Dodging
 + Level 7.0 Stealth
 - Level 2.6 Spellcasting
 - Level 3.6 Hexes


You had 6 spell levels left.
You knew the following spells:

 Your Spells              Type           Power        Failure   Level  Hunger
a - Corona                Hex            ##.....      4%          1    #......

Your spell library contained the following spells:

 Spells                   Type           Power        Failure   Level  Hunger
 Confuse                  Hex            ##......     12%         3    ###....
 Tukima's Dance           Hex            ##......     12%         3    ###....
 Ensorcelled Hibernation  Hex/Ice        #.....       13%         2    ##.....
 Dazzling Spray           Conj/Hex       #.....       26%         3    ###....


Dungeon Overview and Level Annotations

Branches:
Dungeon (1/1)

Altars:
Cheibriados
Dithmenos
Fedhas
Gozag
Kikubaaqudgha
Makhleb
Okawaru
Qazlal
Ru
Sif Muna
Trog
Uskayaw
Wu Jian
Xom
Yredelemnul
Zin
The Shining One
Beogh
Jiyva
Lugonu

Shops:
D *[%??**[(!!!!


Innate Abilities, Weirdness & Mutations

You are very small and have problems with some larger weapons.
You are too small for most types of armour.
You have supernaturally acute eyesight. (SInv)
You are a herbivore.
You cover ground extremely quickly.
You need to consume almost no food.


Message History

Okay, then.
There is a staircase leading out of the dungeon here.
Found a corrupted altar of Lugonu and a sacrificial altar of Ru.
Found a bloodstained altar of Trog and a hide-covered altar of Uskayaw.
A worker ant comes into view.
Found an ornate altar of the Wu Jian Council.
Found Plog's Distillery and Anaom's Do-It-Yourself Clinic.
Found Wueroext's Distillery and Fawkes's Bottled Wisdom.
The worker ant misses you. 50...
A worker ant comes into view.
The worker ant twitches its antennae in your direction.
The worker ant misses you.
The worker ant bites you but does no damage.
You closely miss the worker ant. The worker ant bites you. x2
The worker ant bites you!
* * * LOW HITPOINT WARNING * * *
You are lethally poisoned!
The worker ant poisons you! The worker ant barely misses you.
You die...

#........ #_......._#
#_......._#
###.........###
#§......a....⌠#
######.8.........8.###
##∩__.......# #......__
###∩........8.# #.8......
#......a@.....###........
⌠..........###...###.....
⌠......a...# #.<.# #.....
⌠.........†###...###.....
#.........a...###........
###∩........8.# #.8......
##∩___......###......__
######.8.........8.###
#⌠...........⌠#


You could see 3 worker ants.

Vanquished Creatures
  2 worker ants (D)
2 creatures vanquished.

Notes
Turn   | Place    | Note
-------+----------+-------------------------------------------
     0 | D        | MuseOD the Spriggan Enchanter began the quest for the Orb.
     0 | D        | Reached XP level 1. HP: 9/9 MP: 5/5
     3 | D        | Found a viscous altar of Jiyva.
     3 | D        | Found a glowing golden altar of the Shining One.
     4 | D        | Found a stormy altar of Qazlal.
     4 | D        | Found a roughly hewn altar of Beogh.
     5 | D        | Found a shadowy altar of Dithmenos.
     5 | D        | Found a shimmering altar of Xom.
     6 | D        | Found a basalt altar of Yredelemnul.
     6 | D        | Found a deep blue altar of Sif Muna.
     6 | D        | Found Ziolijou's Weapon Rack.
     6 | D        | Found Luafe's Premium Goods.
     7 | D        | Found Gonkoch's Basic Armour.
     7 | D        | Found Bagiwam's Miscellaneous Merchandise.
     9 | D        | Round 1.
    13 | D        | Became a worshipper of Dithmenos the Shadowed
    18 | D        | Found a snail-covered altar of Cheibriados.
    19 | D        | Found an opulent altar of Gozag.
    20 | D        | Found a blossoming altar of Fedhas.
    21 | D        | Found Pufijil's Identification Station.
    21 | D        | Found a glowing silver altar of Zin.
    21 | D        | Found an ancient bone altar of Kikubaaqudgha.
    21 | D        | Found Buschouq's Delicious Food.
    22 | D        | Found Raec's Advanced Armour.
    22 | D        | Found Daacruewiu's Jewellery.
    25 | D        | Found a burning altar of Makhleb.
    26 | D        | Found an iron altar of Okawaru.
    26 | D        | Noticed a worker ant
    28 | D        | Found Samimase's Magic Scroll Shop.
    28 | D        | Noticed a worker ant
    44 | D        | Killed a worker ant
    44 | D        | Reached skill level 6 in Stealth
    44 | D        | Reached XP level 2. HP: 13/15 MP: 6/6
    47 | D        | Reached skill level 5 in Short Blades
    47 | D        | Reached skill level 7 in Stealth
    47 | D        | Reached XP level 3. HP: 17/19 MP: 8/8
    58 | D        | Found a corrupted altar of Lugonu.
    58 | D        | Found a sacrificial altar of Ru.
    59 | D        | Found a bloodstained altar of Trog.
    59 | D        | Found a hide-covered altar of Uskayaw.
    60 | D        | Found an ornate altar of the Wu Jian Council.
    61 | D        | Found Plog's Distillery.
    61 | D        | Found Anaom's Do-It-Yourself Clinic.
    62 | D        | Found Wueroext's Distillery.
    62 | D        | Found Fawkes's Bottled Wisdom.
    82 | D        | Succumbed to a worker ant's poison

Skill      XL: |  1  2 |
---------------+-------+-----
Fighting       | 2 |  2.6
Short Blades   | 4 5 |  5.4
Stealth        | 6 7 |  7.0
Dodging        | |  3.0
Spellcasting   | |  2.6
Hexes          | |  3.6

Action                   || total
-------------------------++-------
Melee: Dagger            ||     9
  Use: Potion            ||     1
Armor: Robe              ||     1
Dodge: Dodged            ||     7
